 Dungeon Crawl Stone Soup version 0.19.1-1-g22dce08 (webtiles) character file.

149302 esteth the Tortoise (level 16, -15/152 HPs)
             Began as a Minotaur Fighter on Jan 6, 2017.
             Was the Champion of Qazlal.
             Killed from afar by Aizul (43 damage)
             ... with a bolt of poison
             ... on level 4 of the Spider Nest.
             The game lasted 01:24:40 (27668 turns).

esteth the Tortoise (Minotaur Fighter)             Turns: 27668, Time: 01:24:41

Health: -15/152    AC: 34    Str: 30 (31) XL:     16   Next: 96%
Magic:  20/27      EV:  4    Int:  4 (5)  God:    Qazlal [******]
Gold:   1712       SH:  0    Dex: 16 (17) Spells: 0 memorised, 15 levels left

rFire  + . .     SeeInvis +     t - +10 hand axe "Goblinslayer" {protect, Str+3 Dex+3}
rCold  + . .     Gourm    .     M - +6 chain mail "Nouzuq" {SInv Stlth+}
rNeg   . . .     Faith    .     c - +0 shield
rPois  .         Spirit   .     f - +2 hat
rElec  .         Reflect  +     A - +2 cloak
rCorr  .         Harm     .     (no gloves)
MR     +....                    (no boots)
Stlth  ..........               I - +3 amulet of reflection
                                Y - +4 ring of protection
                                T - ring of protection from fire

@: lethally poisoned (-15 -> -23), protected from physical damage, very slightly
contaminated, held, repel missiles, invisible
A: retaliatory headbutt, horns 2, large bone plates 1, slimy green scales 1,
thin skeletal structure 1, cold resistance 1, strong 1, evolution 1
a: Upheaval, Elemental Force, Disaster Area, Renounce Religion


You were on level 4 of the Spider Nest.
You worshipped Qazlal.
Qazlal was exalted by your worship.
You were hungry.

You visited 4 branches of the dungeon, and saw 26 of its levels.

You collected 1862 gold pieces.
You spent 150 gold pieces at shops.

Inventory:

Hand Weapons
 t - the +10 hand axe "Goblinslayer" (weapon) {protect, Str+3 Dex+3}
   (You found it on level 4 of the Lair of Beasts)

   It protects the one who uses it against injury (+AC on strike).
   It affects your strength (+3).
   It affects your dexterity (+3).
 v - a +0 executioner's axe of flaming
 N - the +9 dagger of Chilly Death {flash freeze, rPois rF- rC++ MR+}
   (You found it on level 6 of the Lair of Beasts)

   It has been specially enchanted to freeze those struck by it, causing extra
   injury to most foes and up to half again as much damage against particularly
   susceptible opponents.
   It can also slow down cold-blooded creatures.
   It makes you vulnerable to fire.
   It greatly protects you from cold.
   It protects you from poison.
   It affects your resistance to hostile enchantments.
Missiles
 w - 22 tomahawks (quivered)
Armour
 c - a +0 shield (worn)
 f - a +2 hat (worn)
 A - a +2 cloak (worn)
 C - the +2 plate armour of Hedging {+Blink Str+5}
   (You found it on level 6 of the Dungeon)

   It affects your strength (+5).
   It lets you blink.
 M - the +6 chain mail "Nouzuq" (worn) {SInv Stlth+}
   (You found it on level 3 of the Lair of Beasts)

   It lets you see invisible.
   It makes you more stealthy.
Jewellery
 o - an uncursed amulet of regeneration
 I - a +3 amulet of reflection (around neck)
 T - a ring of protection from fire (left hand)
 Y - a +4 ring of protection (right hand)
Wands
 h - a wand of slowing (30/48)
 B - a wand of disintegration (14/24)
 O - a wand of random effects (20/48)
 Q - a wand of teleportation (5/9)
Scrolls
 l - 5 scrolls of magic mapping
 n - 4 scrolls of recharging
 u - 6 scrolls of remove curse
 y - 9 scrolls of teleportation
 D - 4 scrolls of fog
 G - 3 scrolls of amnesia
 H - a scroll of enchant weapon
 J - a scroll of fear
 K - 2 scrolls of blinking
 S - a scroll of enchant armour
Potions
 a - 2 potions of mutation
 b - a potion of berserk rage
 d - 2 potions of cure mutation
 e - 2 potions of magic
 i - 3 potions of brilliance
 m - 4 potions of heal wounds
 q - 5 potions of resistance
 x - 2 potions of haste
 E - 2 potions of might
 L - 3 potions of flight
 P - a potion of curing
 R - 2 potions of agility
 V - a potion of degeneration
Comestibles
 g - 3 chunks of flesh {@w0}
 j - 11 meat rations {@e2}
 p - 5 royal jellies
 r - 5 beef jerkies
 U - 2 bread rations {@e1}
 X - 7 fruits


   Skills:
 + Level 16.4 Fighting
 - Level 5.4 Short Blades
 * Level 17.0 Axes
 - Level 17.0 Armour
 - Level 3.7 Shields
 - Level 16.9 Invocations


You had 15 spell levels left.
You didn't know any spells.

Dungeon Overview and Level Annotations

Branches:
Dungeon (15/15)            Temple (1/1) D:4            Lair (6/6) D:11
 Shoals (0/4) Lair:4       Spider (4/4) Lair:2        Slime (0/5) Lair:5
    Orc (0/2) D:12         Vaults (0/5) D:14         Depths (0/5) D:15

Altars:
Ashenzari
Cheibriados
Dithmenos
Elyvilon
Fedhas
Gozag
Hepliaklqana
Kikubaaqudgha
Makhleb
Nemelex Xobeh
Okawaru
Qazlal
Ru
Sif Muna
Trog
Uskayaw
Vehumet
Xom
Yredelemnul
Zin
The Shining One
Jiyva

Shops:
D:6 %   D:8 :!!?(   D:15 [

Portals:
Hell: Lair:6

Annotations:
Lair:4 exclusion: 2 oklob plants
Spider:4 Aizul


Innate Abilities, Weirdness & Mutations

You reflexively headbutt those who attack you in melee.
You have a pair of horns on your head.
You are partially covered in large bone plates. (SH +4)
You are partially covered in slimy green scales. (AC +2)
You have a somewhat thin skeletal structure. (Dex +2, Stealth)
Your flesh is cold resistant. (rC+)
Your muscles are strong. (Str +2)
You evolve.


Message History

You are very lightly contaminated with residual magic.
You feel better. Aizul hits you!
* * * LOW HITPOINT WARNING * * *
You struggle to detach yourself from the web.
Aizul coils herself and waves her upper body at you.
You fall asleep.
Aizul hits you but does no damage.
You wake up.
You struggle to detach yourself from the web.
Aizul hits you.
* * * LOW HITPOINT WARNING * * *
You feel protected from physical attacks.
Aiming: Upheaval
Press: ? - help, Dir - move target cursor The ground shakes violently, spewing rubble!
The blast of rubble hits the jumping spider.
You kill the jumping spider!
Qazlal accepts your kill.
Aizul coils herself and waves her upper body at you.
The bolt of poison hits you!
You are poisoned.
You die...

###.?...######............^
#.......##........†.....###
#.......##.........^#.....#
#........##....######.....#
#^.##.....##..## #......
####.......#### #......
#........## #....##
##....††§.## #.....#
#..##§.@§.# ##...^#
####.§.^S§# #...##
##§..§^.?. #.....
#......^...# ###.....
#........... #.......
###..###.... #....... ####
.... #....... .## #..#...#
########


You could see Aizul.

Vanquished Creatures
  Kirke (D:15)
  3 ghost moths
  An emperor scorpion (Spider:2)
  3 entropy weavers
  Azrael (D:15)
  A dire elephant (D:15)
  A spark wasp (Spider:3)
  The ghost of Adolfin the Cleaver, a journeyman DsBe of Trog (D:12)
  Harold (D:11)
  The ghost of Exporg the Basher, a journeyman MiFi of Gozag (D:12)
  15 hydras
  An ice dragon (Lair:6)
  A catoblepas (Lair:4)
  2 dancing weapons (D:14)
  An ogre mage (D:10)
  A tengu warrior (D:13)
  Urug (D:15)
  12 death yaks
  Sonja (D:13)
  A sun demon (Lair:6)
  The ghost of godfroggy the Basher, a novice MiMo of Nemelex Xobeh (D:9)
  A sixfirhy (Lair:6)
  2 unseen horrors
  2 wizards
  2 hill giants
  12 orb spiders
  2 cyclopes
  29 wolf spiders
  7 deep elf magi
  7 ugly things
  6 manticores
  4 slime creatures (D:15)
  A centaur zombie (D:15)
  A torpor snail (Spider:1)
  5 black mambas
  A smoke demon (Lair:6)
  The ghost of godfroggy the Carver, a novice MiFi of Qazlal (D:5)
  Joseph (D:10)
  8 elephants
  2 orange demons (Lair:6)
  10 spiny frogs
  4 centaur skeletons
  2 kobold demonologists
  7 rime drakes
  An efreet (D:14)
  15 demonic crawlers
  A freezing wraith (D:14)
  6 komodo dragons
  5 ice devils (Lair:6)
  28 jumping spiders
  A red devil (Lair:6)
  A queen bee (Lair:4)
  3 meliai (Lair:4)
  6 trolls
  A tengu conjurer (D:14)
  3 polar bears
  5 hornets
  6 two-headed ogres
  A merfolk (D:10)
  15 blink frogs
  11 dream sheep
  14 hippogriffs
  A shadow (D:13)
  79 redbacks
  31 tarantellas
  A wraith (D:15)
  7 wyverns
  The ghost of Arnot the Cudgeler, an amateur MiBe of Trog (D:4)
  3 fire elementals (D:15)
  7 basilisks
  48 yaks
  2 steam dragons
  3 hogs (D:15)
  6 vampire mosquitoes
  2 soldier ants (D:10)
  A mottled dragon (D:13)
  12 water moccasins
  10 porcupines
  6 hell hounds
  3 orc warriors
  3 phantoms
  2 sky beasts
  15 ice beasts
  A black bear (D:13)
  An eye of draining (D:14)
  5 ogres
  2 necrophages
  4 boggarts (Lair:5)
  14 centaurs
  6 wolves
  24 crocodiles
  2 big kobolds
  12 bullfrogs
  A wyvern zombie (D:7)
  A water moccasin zombie (D:6)
  3 scorpions
  46 killer bees
  A howler monkey (D:9)
  5 wights (D:11)
  3 electric eels
  7 crimson imps
  6 hounds
  A bullfrog skeleton (D:5)
  7 orc priests
  4 jellies
  8 orc wizards
  4 iguanas
  2 hell rats (Lair:4)
  13 worker ants
  A hound zombie (D:10)
  A worker ant zombie (D:5)
  Robin (D:2)
  A howler monkey zombie (D:7)
  3 gnolls (D:3)
  15 adders
  A river rat (Lair:4)
  6 shadow imps
  An adder skeleton (D:7)
  7 worms
  A dart slug (D:2)
  5 leopard geckos
  38 orcs
  6 bats
  5 giant cockroaches
  12 goblins
  6 hobgoblins
  29 jackals
  2 quokkas
  4 ball pythons
  A ball python zombie (D:5)
  7 frilled lizards
  14 kobolds
  A quokka skeleton (D:5)
  A quokka zombie (D:5)
  5 rats
  20 fungi
  15 plants
926 creatures vanquished.

Vanquished Creatures (others)
  2 centaur warriors
  A cyclops (D:13)
  A hog (D:15)
  A human (D:15)
  2 centaurs
  An orc wizard (D:14)
  9 fungi
  13 plants
30 creatures vanquished.

Grand Total: 956 creatures vanquished

Notes
Turn   | Place    | Note
-------+----------+-------------------------------------------
     0 | D:1      | esteth the Minotaur Fighter began the quest for the Orb.
     0 | D:1      | Reached XP level 1. HP: 19/19 MP: 0/0
    12 | D:1      | Noticed an electric eel
    98 | D:1      | Reached XP level 2. HP: 27/27 MP: 1/1
   167 | D:1      | You fall through a shaft!
   568 | D:1      | Reached XP level 3. HP: 33/33 MP: 2/2
  1082 | D:2      | Reached XP level 4. HP: 37/40 MP: 3/3
  1130 | D:2      | Noticed Robin
  1135 | D:2      | Reached skill level 5 in Axes
  1143 | D:2      | Killed Robin
  1458 | D:3      | Found a sparkling altar of Nemelex Xobeh.
  1606 | D:3      | Reached XP level 5. HP: 38/46 MP: 4/4
  2467 | D:3      | Reached XP level 6. HP: 44/52 MP: 5/5
  2872 | D:4      | Found a staircase to the Ecumenical Temple.
  3019 | D:4      | Noticed Arnot's ghost (amateur MiBe)
  3058 | D:4      | Killed Arnot's ghost
  3058 | D:4      | Reached XP level 7. HP: 4/58 MP: 6/6
  3347 | Temple   | Entered the Ecumenical Temple
  3414 | Temple   | Became a worshipper of Qazlal Stormbringer
  3499 | D:4      | Reached skill level 10 in Axes
  3857 | D:4      | Found a hide-covered altar of Uskayaw.
  3891 | D:4      | Found a blossoming altar of Fedhas.
  4039 | D:5      | Entered Level 5 of the Dungeon
  4361 | D:5      | Reached XP level 8. HP: 64/66 MP: 7/7
  4364 | D:5      | Reached * piety under Qazlal
  4377 | D:5      | Reached skill level 5 in Fighting
  4560 | D:5      | Noticed godfroggy's ghost (novice MiFi)
  4581 | D:5      | Killed godfroggy's ghost
  4652 | D:6      | Reached skill level 1 in Invocations
  4954 | D:6      | Got a scorched plate armour
  4965 | D:6      | Identified the +2 plate armour of Hedging {+Blink Str+5} (You found it on level 6 of the Dungeon)
  5050 | D:6      | Reached ** piety under Qazlal
  5093 | D:6      | Found Ytosuox's Food Shop.
  5262 | D:6      | Found a shadowy altar of Dithmenos.
  5839 | D:7      | Reached XP level 9. HP: 78/81 MP: 9/9
  6680 | D:8      | Found Niomig's Distillery.
  6688 | D:8      | Bought a potion of resistance for 150 gold pieces
  6717 | D:8      | Found Buizudiw's Antique Weapon Shoppe.
  6776 | D:8      | Identified the Tome of Supportive Enchantment
  6808 | D:8      | Reached skill level 5 in Invocations
  7185 | D:8      | Found Esutaqyt's Magic Scroll Boutique.
  7235 | D:8      | Found Weasuam's Distillery.
  7282 | D:8      | Reached *** piety under Qazlal
  7291 | D:8      | Found Jeder's Book Boutique.
  7416 | D:8      | Found a burning altar of Makhleb.
  7419 | D:8      | Noticed an Executioner
  7420 | D:8      | Found a glowing silver altar of Zin.
  7420 | D:8      | Noticed an angel
  7999 | D:9      | Noticed a troll
  8036 | D:9      | Killed a troll
  8036 | D:9      | Reached XP level 10. HP: 83/91 MP: 9/14
  8100 | D:9      | Found a basalt altar of Yredelemnul.
  8101 | D:9      | Found a hazy altar of Hepliaklqana.
  8101 | D:9      | Found a bloodstained altar of Trog.
  8103 | D:9      | Found an opulent altar of Gozag.
  8326 | D:9      | Noticed godfroggy's ghost (novice MiMo)
  8349 | D:9      | Killed godfroggy's ghost
  8787 | D:9      | Noticed a cyclops
  8805 | D:9      | Killed a cyclops
  9249 | D:10     | Entered Level 10 of the Dungeon
  9394 | D:10     | Noticed Joseph
  9409 | D:10     | Killed Joseph
  9505 | D:10     | Noticed an ogre mage
  9513 | D:10     | Reached XP level 11. HP: 88/97 MP: 17/17
  9522 | D:10     | Killed an ogre mage
 10024 | D:11     | Reached skill level 10 in Invocations
 10070 | D:11     | Reached skill level 15 in Axes
 10079 | D:11     | Reached **** piety under Qazlal
 10196 | D:11     | Noticed Harold
 10202 | D:11     | Killed Harold
 10273 | D:11     | Found a staircase to the Lair.
 10376 | D:11     | Noticed a seven-headed hydra
 10395 | D:11     | Killed an eight-headed hydra
 10674 | D:11     | Noticed a hill giant
 10702 | D:11     | Killed a hill giant
 11197 | Lair:1   | Entered Level 1 of the Lair of Beasts
 11252 | Lair:1   | Reached XP level 12. HP: 104/104 MP: 19/19
 11332 | Lair:1   | Noticed a four-headed hydra
 11343 | Lair:1   | Killed an eight-headed hydra
 12068 | Lair:1   | Reached skill level 5 in Armour
 12480 | Lair:2   | Identified a scroll of acquirement
 12810 | Lair:2   | Found a hole to the Spider Nest.
 12938 | Lair:2   | Reached skill level 10 in Fighting
 13102 | Lair:3   | Got a spiked chain mail
 13103 | Lair:3   | Identified the +6 chain mail "Nouzuq" {SInv Stlth+} (You found it on level 3 of the Lair of Beasts)
 13413 | Lair:4   | Got a twisted hand axe
 13414 | Lair:4   | Identified the +10 hand axe "Goblinslayer" {protect, Str+3 Dex+3} (You found it on level 4 of the Lair of Beasts)
 13518 | Lair:4   | Reached ***** piety under Qazlal
 13552 | Lair:4   | Noticed a six-headed hydra
 13564 | Lair:4   | Killed a seven-headed hydra
 13675 | Lair:4   | Reached XP level 13. HP: 63/114 MP: 21/21
 14476 | Lair:4   | Found a staircase to the Shoals.
 15354 | Lair:5   | Found a staircase to the Slime Pits.
 15354 | Lair:5   | Found a viscous altar of Jiyva.
 15420 | Lair:5   | Reached skill level 10 in Armour
 15432 | Lair:5   | Reached skill level 15 in Invocations
 15716 | Lair:5   | Reached XP level 14. HP: 122/122 MP: 24/24
 16339 | Lair:6   | Entered Level 6 of the Lair of Beasts
 17091 | Lair:6   | Got a warped trident
 17092 | Lair:6   | Identified the cursed +1 trident "Giantslayer" {flame, rF+ MP+9 Str+3} (You found it on level 6 of the Lair of Beasts)
 18172 | Lair:6   | Found a burning altar of Makhleb.
 18178 | Lair:6   | Found a gateway to Hell.
 18815 | D:12     | Found a staircase to the Orcish Mines.
 18832 | D:12     | Noticed Exporg's ghost (journeyman MiFi)
 18850 | D:12     | Killed Exporg's ghost
 19005 | D:12     | Noticed Adolfin's ghost (journeyman DsBe)
 19035 | D:12     | Killed Adolfin's ghost
 19035 | D:12     | Reached XP level 15. HP: 108/132 MP: 26/26
 19374 | D:13     | Found a sacrificial altar of Ru.
 19621 | D:13     | Noticed Sonja
 19624 | D:13     | Killed Sonja
 20458 | D:14     | Found a gate to the Vaults.
 20938 | D:15     | Entered Level 15 of the Dungeon
 20938 | D:15     | Noticed Kirke
 20967 | D:15     | Noticed Urug
 20975 | D:15     | Noticed Azrael
 20995 | D:15     | Killed Azrael
 20995 | D:15     | Reached skill level 15 in Fighting
 21000 | D:15     | Killed Kirke
 21034 | D:15     | Killed Urug
 21179 | D:15     | Found a staircase to the Depths.
 21206 | D:15     | Found Cokileppo's Antique Armour Shoppe.
 21914 | Spider:1 | Entered Level 1 of the Spider Nest
 22187 | Spider:1 | Reached skill level 1 in Short Blades
 22813 | Spider:1 | Reached skill level 5 in Short Blades
 22934 | Spider:1 | Reached XP level 16. HP: 99/152 MP: 27/27
 23961 | Spider:1 | Gained mutation: You have large cloven feet. [potion of mutation]
 23961 | Spider:1 | Gained mutation: You have hoof-like feet. [potion of mutation]
 23961 | Spider:1 | Gained mutation: You are occasionally teleported next to monsters. [potion of mutation]
 23998 | Spider:1 | Lost mutation: You have hoof-like feet. [potion of cure mutation]
 23998 | Spider:1 | Lost mutation: You have large cloven feet. [potion of cure mutation]
 23998 | Spider:1 | Lost mutation: You are occasionally teleported next to monsters. [potion of cure mutation]
 23999 | Spider:1 | Gained mutation: You have a somewhat thin skeletal structure. (Dex +2, Stealth) [potion of mutation]
 23999 | Spider:1 | Gained mutation: Your muscles are strong. (Str +2) [potion of mutation]
 23999 | Spider:1 | Gained mutation: You are partially covered in large bone plates. (SH +4) [potion of mutation]
 24000 | Spider:1 | Gained mutation: You evolve. [potion of mutation]
 24005 | Spider:1 | Reached ****** piety under Qazlal
 24253 | Spider:1 | Gained mutation: You are partially covered in slimy green scales. (AC +2) [evolution]
 25359 | Spider:2 | Gained mutation: Your flesh is cold resistant. (rC+) [potion of beneficial mutation]
 25659 | Spider:2 | Reached skill level 15 in Armour
 27188 | Spider:4 | Entered Level 4 of the Spider Nest
 27647 | Spider:4 | Noticed Aizul
 27668 | Spider:4 | Killed from afar by Aizul

Skill      XL: |  1  2  3  4  5  6  7  8  9 10 11 12 13 14 15 16 |
---------------+-------------------------------------------------+-----
Axes           | 3 4 6 7 9 10 11 14 16 17 | 17.0
Fighting       | 4 8 9 10 12 16 | 16.4
Invocations    | 1 7 9 11 13 15 16 | 16.9
Armour         | 7 10 12 17 | 17.0
Short Blades   | 5 |  5.4
Shields        | |  3.7

Action                   |  1- 3 |  4- 6 |  7- 9 | 10-12 | 13-15 | 16-18 || total
-------------------------+-------+-------+-------+-------+-------+-------++-------
Melee: War axe           |    87 |   145 |   324 |   374 |       |       ||   930
       Headbutt          |    11 |    32 |    55 |   128 |   354 |   117 ||   697
       Broad axe         |       |       |       |   135 |   126 |       ||   261
       Hand axe          |       |       |       |       |   914 |   444 ||  1358
       Dagger            |       |       |       |       |    66 |       ||    66
Invok: Upheaval          |       |       |     1 |    11 |    24 |     5 ||    41
  Use: Potion            |       |     1 |     3 |     1 |     2 |    18 ||    25
       Scroll            |       |       |    13 |    10 |    10 |     3 ||    36
  Eat: Chunk             |     1 |     6 |    16 |     9 |    16 |     4 ||    52
       Bread ration      |       |       |       |     2 |     2 |       ||     4
       Meat ration       |       |       |       |       |     2 |     1 ||     3
       Royal jelly       |       |       |       |       |       |     1 ||     1
Armor: Scale mail        |    35 |    17 |       |       |       |       ||    52
       Plate armour      |       |    34 |   122 |   167 |   447 |   227 ||   997
       Skin              |       |       |    19 |       |       |       ||    19
       Chain mail        |       |       |       |       |       |   182 ||   182
Dodge: Dodged            |    28 |    34 |    46 |    54 |   148 |   115 ||   425
       Deflected         |       |       |       |     1 |    11 |       ||    12
Block: Shield            |    47 |    69 |   212 |   393 |   942 |   659 ||  2322
       Reflection        |       |       |       |    16 |    41 |       ||    57
